 Dungeon Crawl Stone Soup version 0.29.1-12-g30fa7ad0bf (webtiles) character file.

Game seed: 18360973806714823551

110 Gabide the Trooper (level 5, 0/42 (43) HPs)
             Began as a Formicid Berserker on Dec 19, 2022.
             Was a Believer of Trog.
             Slain by Crazy Yiuf
             ... wielding a +4 quarterstaff of chaos
              (8 damage)
             ... on level 2 of the Dungeon.
             The game lasted 00:04:25 (2115 turns).

Gabide the Trooper (Formicid Berserker)             Turns: 2115, Time: 00:04:28

HP:   0/42 (43)     AC:  7    Str: 24    XL:     5   Next: 14%
MP:   5/5           EV: 11    Int:  6    God:    Trog [**....]
Gold: 128           SH:  0    Dex: 13    Spells: 4/4 levels left

rFire   . . .      SeeInvis +   a - +0 mace
rCold   . . .      Faith    .   (no shield)
rNeg    . . .      Spirit   .   c - +0 scale mail
rPois   .          Reflect  .   (helmet unavailable)
rElec   .          Harm     .   (no cloak)
rCorr   +          Rampage  .   (no gloves)
Will    .....                   m - +0 pair of boots
Stlth   ..........              k - amulet of regeneration
HPRegen 0.94/turn               d - ring of resist corrosion
MPRegen 0.09/turn               (no ring)

@: lethally poisoned (0 -> -3), lightly drained, invisible
A: permanent stasis, dig shafts and tunnels, antennae 3, four strong arms
a: Dig, Shaft Self, Renounce Religion, Trog's Hand


You were on level 2 of the Dungeon.
You worshipped Trog.
Trog was pleased with you.
You visited 1 branch of the dungeon, and saw 2 of its levels.

You collected 128 gold pieces.

Inventory:

Hand Weapons
 a - a +0 mace (weapon)
 b - the +4 sling of Eternal War {vorpal, rF++ rCorr Int-2}
   (You found it on level 2 of the Dungeon)

   Any ammunition fired from it inflicts extra damage upon your enemies.
   Int:       It affects your intelligence (-2).
   rF:        It greatly protects you from fire.
   rCorr:     It protects you from acid and corrosion.
Missiles
 p - 4 javelins
Armour
 c - a +0 scale mail (worn)
 m - a +0 pair of boots (worn)
 n - the +1 robe of Imorphu {rElec rN+ Int-3 SInv}
   (You found it on level 2 of the Dungeon)

   Int:       It affects your intelligence (-3).
   rElec:     It insulates you from electricity.
   rN:        It protects you from negative energy.
   SInv:      It lets you see invisible.
Jewellery
 d - a ring of resist corrosion (left hand)
 k - an amulet of regeneration (around neck)
Scrolls
 f - 2 scrolls of identify {unknown}
 g - a scroll of blinking {unknown}
 h - 4 scrolls of amnesia {unknown}
 l - a scroll of summoning {unknown}
 o - a scroll of teleportation {unknown}
Potions
 i - a potion of berserk rage {unknown}
 j - a potion of lignification {unknown}


   Skills:
 * Level 4.5 Fighting
 * Level 4.1 Maces & Flails
 - Level 2.1 Armour
 + Level 2.5 Dodging


You had 4 spell levels left.
You didn't know any spells.
Your spell library was empty.

Dungeon Overview and Level Annotations

Branches:
Dungeon (2/15)

Altars:

Annotations:
D:2 Crazy Yiuf


Innate Abilities, Weirdness & Mutations

You cannot be hasted, slowed, berserked, paralysed or teleported.
You can dig through walls and to a lower floor.
You have a pair of large antennae on your head. (SInv)
Your four strong arms can wield two-handed weapons with a shield.


Message History

The sling bullet hits Crazy Yiuf but does no damage.
Crazy Yiuf hits you with a +4 quarterstaff of chaos.
You are poisoned.
Crazy Yiuf hits you with a +4 quarterstaff of chaos!
You feel drained.
a - a +0 mace (weapon)
You feel sick.
You hit Crazy Yiuf but do no damage.
You feel very sick.
Crazy Yiuf hits you with a +4 quarterstaff of chaos.
You closely miss Crazy Yiuf.
You feel very sick. Crazy Yiuf closely misses you.
Crazy Yiuf barely misses you.
You hit Crazy Yiuf.
Crazy Yiuf is lightly wounded.
You feel the effects of Trog's Hand fading.
You feel sick.
Crazy Yiuf whimpers, "Castle!"
Crazy Yiuf closely misses you.
You hit Crazy Yiuf.
Crazy Yiuf is heavily wounded.
You feel sick.
Crazy Yiuf hits you with a +4 quarterstaff of chaos!
* * * LOW HITPOINT WARNING * * *
You are more poisoned.
It was a potion of invisibility.
You fade into invisibility!
You feel very sick. Crazy Yiuf closely misses you.
You sock Crazy Yiuf!
Crazy Yiuf is severely wounded.
You feel very sick. Crazy Yiuf barely misses you.
You barely miss Crazy Yiuf.
Crazy Yiuf is severely wounded.
Your skin stops crawling.
You feel less strong-willed.
You feel very sick.
Crazy Yiuf screams, "Snoogle hand spinner!"
Crazy Yiuf hits you with a +4 quarterstaff of chaos!
You die...

##..###########.....
#....# #(...##.....
#....# #....##....)
#...## #....##.....
##.## #....######.
#.## #....# #. ##.#
#....# #. #.##
#...### #. ##@#
#.....## ## #g#
#......# # ...
#......### # #...#
#........### #..)#
#.....##.... #####
#.......####
#.......# #####...#
#...####


You could see Crazy Yiuf (unable to see you).

Vanquished Creatures
  5 adders (D:2)
  3 worms (D:2)
  A dart slug (D:2)
  3 orcs (D:2)
  2 endoplasms
  4 giant cockroaches (D:2)
  6 goblins
  6 hobgoblins
  A quokka (D:1)
  8 ball pythons
  6 bats
  A frilled lizard (D:2)
  4 kobolds
  2 rats (D:1)
52 creatures vanquished.

Notes
Turn   | Place    | Note
-------+----------+-------------------------------------------
     0 | D:1      | Gabide the Formicid Berserker began the quest for the Orb.
     0 | D:1      | Reached XP level 1. HP: 18/18 MP: 1/1
   156 | D:1      | Reached XP level 2. HP: 20/24 MP: 2/2
   533 | D:1      | Reached XP level 3. HP: 30/30 MP: 3/3
   755 | D:1      | Reached ** piety under Trog
  1346 | D:2      | Reached XP level 4. HP: 36/37 MP: 4/4
  1565 | D:2      | Identified the +4 sling of Eternal War {vorpal, rF++ rCorr
                  | Int-2}
  1637 | D:2      | Identified the +1 robe of Imorphu {rElec rN+ Int-3 SInv}
  1847 | D:2      | Found a faded altar of an unknown god.
  1934 | D:2      | Reached XP level 5. HP: 43/43 MP: 5/5
  2101 | D:2      | Found a runed translucent door.
  2102 | D:2      | Noticed Crazy Yiuf
  2115 | D:2      | Slain by Crazy Yiuf

Illustrated notes

Levels and vault maps discovered:
D:1:      shiori_arrival_elements, layout_basic, minmay_stone_trees_small
D:2:      layout_basic, hellmonk_ecumenical_altar_defaced_shrine,
          minmay_quadrilaterals, uniq_crazy_yiuf_cottage

Skill      XL: |  1  2  3  4 |
---------------+-------------+-----
Dodging        | 2 |  2.5
Fighting       | 4 |  4.5
Maces & Flails | 4 |  4.1
Armour         | |  2.1

Action                   |  1- 3 |  4- 6 || total
-------------------------+-------+-------++-------
Melee: Mace              |    84 |    36 ||   120
 Fire: Sling             |       |    69 ||    69
Throw: Dart              |     6 |       ||     6
Invok: Trog's Hand       |       |     1 ||     1
  Use: Potion            |       |     1 ||     1
Armor: Scale mail        |    40 |    37 ||    77
Dodge: Dodged            |    54 |    44 ||    98
